 Dungeon Crawl Stone Soup version 0.21-a0-630-g344d351 (webtiles) character file.

461 KristoblXynda the Charmwright (level 6, -3/30 HPs)
             Began as a Spriggan Skald on Dec 26, 2017.
             Slain by an ogre
             ... wielding a +0 giant spiked club
              (25 damage)
             ... on level 5 of the Dungeon.
             The game lasted 00:10:36 (5394 turns).

KristoblXynda the Charmwright (Spriggan Skald)      Turns: 5394, Time: 00:10:37

Health: -3/30      AC:  2    Str: 10    XL:     6   Next: 79%
Magic:  10/13      EV: 23    Int: 16    God:
Gold:   272        SH:  0    Dex: 17    Spells: 7/14 levels left

rFire    . . .     SeeInvis +   f - +0 dagger
rCold    . . .     Gourm    .   (shield restricted)
rNeg     . . .     Faith    .   b - +0 robe
rPois    .         Spirit   .   (helmet restricted)
rElec    .         Reflect  .   (no cloak)
rCorr    .         Harm     .   (gloves unavailable)
MR       +....                  (boots unavailable)
Stlth    +++.......             (no amulet)
HPRegen  0.10/turn              h - +4 ring of evasion
MPRegen  0.13/turn              (no ring)

@: infused, very slightly contaminated, very quick
A: very small, unfitting armour, horns 1, see invisible, agile 1, herbivore,
speed 3, slow metabolism 2, strong 1
a: no special abilities


You were on level 5 of the Dungeon.
You were not hungry.

You visited 1 branch of the dungeon, and saw 5 of its levels.

You collected 272 gold pieces.

Inventory:

Hand Weapons
 f - a +0 dagger (weapon)
Armour
 b - a +0 robe (worn)
Jewellery
 h - a +4 ring of evasion (left hand)
Scrolls
 i - 2 scrolls of noise {unknown}
 k - a scroll of teleportation {unknown}
 m - 3 scrolls of remove curse
Potions
 d - a potion of brilliance
 e - a potion of curing
 g - a potion of haste {unknown}
 j - a potion of might {unknown}
 l - a potion of resistance
Books
 c - a book of Battle

   Spells                             Type                      Level
   a - Infusion                       Charms                       1
   b - Shroud of Golubria             Charms/Translocation         2
   c - Song of Slaying                Charms                       2
   d - Spectral Weapon                Hexes/Charms                 3
   e - Regeneration                   Charms/Necromancy            3
Comestibles
 a - 2 rations


   Skills:
 - Level 1.5 Fighting
 + Level 4.5 Short Blades
 - Level 4.2 Dodging
 + Level 4.9 Stealth
 + Level 4.5 Spellcasting
 + Level 6.8 Charms


You had 7 spell levels left.
You knew the following spells:

 Your Spells              Type           Power        Failure   Level  Hunger
a - Infusion              Chrm           ####         1%          1    None
b - Regeneration          Chrm/Necr      ##........   12%         3    ###....
c - Spectral Weapon       Hex/Chrm       ##......     12%         3    ###....


Dungeon Overview and Level Annotations

Branches:
Dungeon (5/15)
 Temple: D:4-7

Altars:

Annotations:
D:3 Jessica; aspa's ghost, amateur OpWz
D:4 anet's ghost, amateur GrWz


Innate Abilities, Weirdness & Mutations

You are very small and have problems with some larger weapons.
You are too small for most types of armour.
You have supernaturally acute eyesight. (SInv)
You are a herbivore.
You cover ground extremely quickly.
You need consume almost no food.
You have a pair of small horns on your head.
You are agile. (Dex +2)
Your muscles are strong. (Str +2)


Message History

You feel better.
You barely miss the ogre.
The ogre is moderately wounded.
The jackal misses you. The ogre closely misses you. The jackal misses you.
You hit the jackal.
The jackal is severely wounded.
The jackal bites you but does no damage.
Casting: Infusion
Confirm with . or Enter, or press ? or * to list all spells.
You begin infusing your attacks with magical energy.
The jackal completely misses you. The jackal bites you.
You hit the jackal.
You kill the jackal!
The ogre closely misses you.
You hit the ogre.
The ogre is heavily wounded.
The ogre hits you with a giant spiked club!!
Ouch! That really hurt!
You die...

###.####..........###
#.##........[.....##
##.#................## #
#.#..............#...###..
##.......)........##......
..........<.....(###.....
......................#
#....
.....................#
##....
................@O...##
#.....
.............#........#
#.....
............###.......##
##..... .......>...##
##.......## #......
..........##
##...##..####$..†.
#.#..####..##
#...####†.##..... ##..##
###.## ##..## ##.......O
#..# ##.# ###.## ##.......
##..## #.# ##.## ##......


You could see an ogre.

Vanquished Creatures
  Blork the orc (D:4)
  A hound (D:4)
  An orc wizard (D:3)
  Natasha (thrice) (D:2)
  Terence (D:2)
  2 worker ants
  2 hound skeletons (D:4)
  4 adders
  An ooze (D:1)
  2 worms (D:5)
  A dart slug (D:1)
  6 leopard geckos
  11 orcs
  2 giant cockroaches
  4 goblins
  7 hobgoblins
  18 jackals
  3 quokkas
  8 bats
  3 frilled lizards
  A jackal skeleton (D:4)
  13 kobolds
  16 rats
111 creatures vanquished.

Vanquished Creatures (others)
  A plant (D:3)
1 creature vanquished.

Grand Total: 112 creatures vanquished

Notes
Turn   | Place    | Note
-------+----------+-------------------------------------------
     0 | D:1      | KristoblXynda the Spriggan Skald began the quest for the Orb.
     0 | D:1      | Reached XP level 1. HP: 10/10 MP: 5/5
   149 | D:1      | Reached XP level 2. HP: 7/14 MP: 0/6
   482 | D:1      | Reached skill level 5 in Charms
   957 | D:1      | Reached XP level 3. HP: 14/18 MP: 8/8
  1126 | D:1      | Learned a level 3 spell: Regeneration
  1130 | D:1      | Learned a level 3 spell: Spectral Weapon
  1439 | D:2      | Reached skill level 1 in Stealth
  1690 | D:2      | Noticed Natasha
  1697 | D:2      | Killed Natasha
  1697 | D:2      | Reached XP level 4. HP: 18/22 MP: 6/9
  2294 | D:2      | Noticed Terence
  2334 | D:2      | Killed Terence
  2422 | D:2      | Noticed Natasha
  2431 | D:2      | Killed Natasha
  2431 | D:2      | Reached XP level 5. HP: 16/25 MP: 4/11
  2933 | D:2      | Noticed Natasha
  2961 | D:2      | Killed Natasha
  2961 | D:2      | Reached skill level 6 in Charms
  3992 | D:3      | Noticed aspa's ghost (amateur OpWz)
  4000 | D:3      | Gained mutation: You have a pair of small horns on your head. [potion of mutation]
  4000 | D:3      | Gained mutation: Your muscles are strong. (Str +2) [potion of mutation]
  4000 | D:3      | Gained mutation: You are agile. (Dex +2) [potion of mutation]
  4035 | D:3      | Noticed Jessica
  4061 | D:4      | Noticed anet's ghost (amateur GrWz)
  4259 | D:4      | Reached XP level 6. HP: 30/30 MP: 7/13
  4496 | D:4      | Noticed Blork the orc
  4515 | D:4      | Killed Blork the orc
  5064 | D:5      | Entered Level 5 of the Dungeon
  5394 | D:5      | Slain by an ogre

Vault maps used:
D:1:      dpeg_arrival_pits, kennysheep_doodads, minmay_pentomino_q2
D:2:      minmay_rat_gold_closets, uniq_natasha, uniq_terence
D:3:      first_ration, chequers_big_river, kennysheep_flooded_box, uniq_jessica
D:4:      uniq_blork_the_orc
D:5:      lemuel_doored_altar, minivault_14, nemelex_lonely_heart_becter,
          uniq_menkaure, uniq_sigmund, uniq_eustachio

Skill      XL: |  1  2  3  4  5 |
---------------+----------------+-----
Dodging        | 4 |  4.2
Charms         | 5 6 |  6.8
Stealth        | 1 3 4 |  4.9
Short Blades   | 3 4 |  4.5
Spellcasting   | 3 4 |  4.5
Fighting       | |  1.5

Action                   |  1- 3 |  4- 6 || total
-------------------------+-------+-------++-------
Melee: Short sword       |    77 |       ||    77
       Dagger            |    69 |   376 ||   445
       Headbutt          |       |    23 ||    23
 Cast: Infusion          |     9 |    23 ||    32
       Regeneration      |       |     1 ||     1
  Use: Potion            |     1 |     3 ||     4
       Scroll            |       |     8 ||     8
 Stab: Sleeping          |     2 |    10 ||    12
  Eat: Ration            |       |     2 ||     2
Armor: Skin              |    16 |       ||    16
       Robe              |    10 |    19 ||    29
Dodge: Dodged            |   116 |   333 ||   449

Table legend:
 A = Spawn XP
 B = Non-spawn XP
 C = Spawn XP percentage of total XP
 D = Spawn monster count
 E = Non-spawn monster count
 F = Spawn count percentage of total count
 G = Total turns spent on level
                    A         B        C        D         E        F      G
               +---------+---------+-------+---------+---------+-------+---------
         Total |       0 |     659 |   0.0 |       0 |     111 |   0.0 |  5394
               +---------+---------+-------+---------+---------+-------+---------
           D:1 |       0 |      50 |   0.0 |       0 |      26 |   0.0 |  1473
           D:2 |       0 |     240 |   0.0 |       0 |      45 |   0.0 |  2053
           D:3 |       0 |      75 |   0.0 |       0 |      12 |   0.0 |   535
           D:4 |       0 |     233 |   0.0 |       0 |      19 |   0.0 |  1003
           D:5 |       0 |      61 |   0.0 |       0 |       9 |   0.0 |   330
               +---------+---------+-------+---------+---------+-------+---------
